 Dungeon Crawl Stone Soup version 0.27.1-1-g398f81649c (webtiles) character file.

Game seed: 8413694848738583826

54 ZARRMARR the Insei (level 3, 0/24 HPs)
             Began as an Octopode Transmuter on Sept 7, 2021.
             Succumbed to an adder's poison
             ... on level 2 of the Dungeon.
             The game lasted 00:04:08 (1650 turns).

ZARRMARR the Insei (Octopode Transmuter)            Turns: 1650, Time: 00:04:08

Health: 0/24       AC:  1    Str:  9    XL:     3   Next: 91%
Magic:  5/6        EV: 13    Int: 16    God:
Gold:   13         SH:  0    Dex: 12    Spells: 5/6 levels left

rFire    . . .     SeeInvis .     - Unarmed
rCold    . . .     Faith    .   (no shield)
rNeg     . . .     Spirit   .   (helmet currently unavailable)
rPois    .         Reflect  .   (no amulet)
rElec    .         Harm     .   (no ring)
rCorr    .         Rampage  .   (no ring)
Will     .....                  (no ring)
Stlth    +++.......             (no ring)
HPRegen  0.08/turn              (no ring)
MPRegen  0.10/turn              (no ring)
                                (no ring)
                                (no ring)

@: lethally poisoned (0 -> -4), appendages
A: tentacle spike 3, almost no armour, amphibious, 8 rings, camouflage 1,
gelatinous body 1, (nimble swimmer 1), tentacles
a: End Transformation


You were on level 2 of the Dungeon.
One of your tentacles had grown a beastly spike.
You visited 1 branch of the dungeon, and saw 2 of its levels.

You collected 13 gold pieces.

Inventory:

Scrolls
 b - 3 scrolls of enchant weapon
 c - a scroll of teleportation
 d - 2 scrolls of amnesia
 e - a scroll of enchant armour


   Skills:
 + Level 2.1 Fighting
 + Level 2.7 Dodging
 + Level 2.6 Stealth
 - Level 3.0 Unarmed Combat
 - Level 2.2 Spellcasting
 - Level 2.0 Transmutations


You had 5 spell levels left.
You knew the following spells:

 Your Spells              Type           Power      Damage    Failure   Level
a - Beastly Appendage     Tmut           16%        N/A       9%          1

Your spell library contained the following spells:

 Spells                   Type           Power      Damage    Failure   Level
 Wereblood                Tmut           8%         N/A       14%         2
 Spider Form              Tmut/Pois      2%         N/A       38%         3
 Ice Form                 Ice/Tmut       4%         N/A       80%         4


Dungeon Overview and Level Annotations

Branches:
Dungeon (2/15)

Altars:

Shops:
D:1 [   D:2 ?


Innate Abilities, Weirdness & Mutations

One of your tentacles has grown a beastly spike.
You cannot wear most types of armour.
You are amphibious.
You can wear up to eight rings at the same time.
Your skin changes colour to match your surroundings (Stealth+).
Your rubbery body absorbs attacks. (AC +1, EV +1)
((You are camouflaged near water. (Stealth+)))
You have tentacles for arms and can constrict up to eight enemies at once.


Message History

The adder bites you. The adder closely misses you.
You closely miss the adder. Your grab misses the adder.
Your squeeze misses the adder.
The adder is moderately wounded.
The adder closely misses you.
Casting: Beastly Appendage (safe; 9% risk of failure)
Confirm with . or Enter, or press ? or * to list all spells.
One of your tentacles grows a vicious spike.
The adder bites you.
You are poisoned.
The adder poisons you!
You closely miss the adder. Your grab misses the adder.
Your tentacle spike misses the adder.
The adder is moderately wounded.
You feel sick. The adder closely misses you. The adder bites you.
* * * LOW HITPOINT WARNING * * *
You closely miss the adder. Your grab misses the adder.
The adder is moderately wounded.
You feel sick. The adder misses you.
You barely miss the adder. Your grab misses the adder.
You pierce the adder.
You squeeze the adder!
The adder is almost dead.
You feel sick. The adder completely misses you.
You barely miss the adder. Your grab misses the adder.
The adder is almost dead.
You feel sick.
You are no longer poisoned.
The adder bites you.
* * * LOW HITPOINT WARNING * * *
You are lethally poisoned!
The adder poisons you!
Unknown command.
You closely miss the adder. Your grab misses the adder.
The adder is almost dead.
* * * LOW HITPOINT WARNING * * *
You feel sick. The adder barely misses you.
Unknown command.
You closely miss the adder. Your grab misses the adder.
You pierce the adder.
You kill the adder!
You die...

#.# ∩..... #.# ......# #.#
.....# #.# ....# #.# #..#
#.#
#######.###.###############
........h†@................
.........##.##############.
.........##.# #.
.........#... #######.
.S.......#.... ........
............... ........
#####.###.#.##.# ........
#. #...# .# ........ #. #..
........


You could see a jackal.

Vanquished Creatures
  2 adders (D:2)
  3 endoplasms (D:1)
  4 giant cockroaches
  A goblin (D:1)
  4 hobgoblins
  10 jackals
  3 kobolds
  2 quokkas
  2 ball pythons (D:1)
  3 bats
  2 frilled lizards
36 creatures vanquished.

Notes
Turn   | Place    | Note
-------+----------+-------------------------------------------
     0 | D:1      | ZARRMARR the Octopode Transmuter began the quest for the
                  | Orb.
     0 | D:1      | Reached XP level 1. HP: 13/13 MP: 3/3
    55 | D:1      | Reached skill level 1 in Stealth
    55 | D:1      | Reached XP level 2. HP: 4/18 MP: 3/5
   371 | D:1      | Found a faded altar of an unknown god.
   485 | D:1      | Found Niuru's Antique Armour Boutique.
   811 | D:1      | Reached XP level 3. HP: 24/24 MP: 3/6
  1625 | D:2      | Found Pego's Magic Scroll Boutique.
  1649 | D:2      | HP: 1/24 [poisoned by an adder]
  1650 | D:2      | Succumbed to an adder's poison

Illustrated notes

Levels and vault maps discovered:
D:1:      amcnicky_arrival_abandoned_market, layout_basic, serial_shops, shop,
          shapermc_ecumenical_altar_starsandcircs, hangedman_decor_growths
D:2:      layout_basic, serial_shops, shop, st_stairs_8, uniq_robin,
          uniq_terence

Skill      XL: |  1  2  3 |
---------------+----------+-----
Stealth        | 1 2 |  2.6
Fighting       | 2 |  2.1
Dodging        | |  2.7
Unarmed Combat | |  3.0
Spellcasting   | |  2.2
Transmutations | |  2.0

Action                   || total
-------------------------++-------
Melee: Unarmed           ||   100
       Kick              ||    22
       Constrict         ||    24
       Tentacles         ||    14
       Punch             ||     2
 Cast: Beastly Appendage ||    17
  Use: Scroll            ||     4
 Stab: Sleeping          ||     4
Armor: Skin              ||     5
Dodge: Dodged            ||    54
